 Dungeon Crawl Stone Soup version 0.28.0-1-gb440e238dd (webtiles) character file.

Game seed: 14320014838985905884

2 arthad the Changer (level 1, 0/11 HPs)
             Began as an Octopode Wanderer on Feb 20, 2022.
             Slain by a bat (1 damage)
             ... on level 1 of the Dungeon.
             The game lasted 00:02:02 (136 turns).

arthad the Changer (Octopode Wanderer)               Turns: 136, Time: 00:02:03

Health: 0/11       AC:  1    Str:  9    XL:     1   Next: 40%
Magic:  2/3        EV: 13    Int: 16    God:
Gold:   0          SH:  0    Dex: 11    Spells: 3/4 levels left

rFire   . . .      SeeInvis .   (no weapon)
rCold   . . .      Faith    .   (no shield)
rNeg    . . .      Spirit   .   (helmet currently unavailable)
rPois   .          Reflect  .   (no amulet)
rElec   .          Harm     .   (no ring)
rCorr   .          Rampage  .   (no ring)
Will    .....                   (no ring)
Stlth   ++........              (no ring)
HPRegen 0.03/turn               (no ring)
MPRegen 0.08/turn               (no ring)
                                (no ring)
                                (no ring)

@: appendages
A: tentacle spike 3, almost no armour, amphibious, 8 rings, camouflage 1,
gelatinous body 1, (nimble swimmer 1), tentacles
a: End Transformation


You were on level 1 of the Dungeon.
One of your tentacles had grown a beastly spike.
You visited 1 branch of the dungeon, and saw 1 of its levels.

Inventory:

Hand Weapons
 a - a +0 dagger
Wands
 b - a wand of polymorph (3)
Scrolls
 c - a scroll of fog
Potions
 d - a potion of lignification {unknown}


   Skills:
 + Level 0.0 Fighting
 + Level 3.0 Dodging
 + Level 0.1 Stealth
 + Level 0.0 Unarmed Combat
 * Level 2.0 Spellcasting
 * Level 3.0 Transmutations
 - Level 2.1 Evocations


You had 3 spell levels left.
You knew the following spells:

 Your Spells              Type           Power      Damage    Failure   Level
a - Beastly Appendage     Tmut           22%        N/A       6%          1

Your spell library contained the following spells:

 Spells                   Type           Power      Damage    Failure   Level
 Spider Form              Tmut/Pois      6%         N/A       32%         3
 Ignite Poison            Fire/Tmut/Pois 4%         N/A       38%         3
 Conjure Ball Lightning   Conj/Air       0%         3x3d6     100%        6
 Discord                  Hex            0%         N/A       100%        8
 Disjunction              Tloc           0%         N/A       100%        8


Dungeon Overview and Level Annotations

Branches:
Dungeon (1/15)

Altars:


Innate Abilities, Weirdness & Mutations

One of your tentacles has grown a beastly spike.
You cannot wear most types of armour.
You are amphibious.
You can wear up to eight rings at the same time.
Your skin changes colour to match your surroundings (Stealth+).
Your rubbery body absorbs attacks. (AC +1, EV +1)
((You are camouflaged when in or above water. (Stealth+)))
You have tentacles for arms and can constrict up to eight enemies at once.


Message History

The bat hits you.
The bat struggles to escape constriction.
The bat escapes!
The bat closely misses you.
You barely miss the bat. Your grab misses the bat.
The bat is moderately wounded.
The bat hits you but does no damage.
A goblin comes into view. It is wielding a +4 dagger of speed.
The bat hits you. The bat misses you.
You tentacle-slap the bat. Your grab misses the bat.
The bat is heavily wounded.
The goblin shouts!
The bat hits you. The bat barely misses you.
You tentacle-slap the bat.
You kill the bat!
A bat comes into view.
You tentacle-slap the goblin. Your grab misses the goblin.
The goblin is moderately wounded.
The goblin hits you with a +4 dagger of speed.
You are too injured to fight recklessly!
You are too injured to fight recklessly!
You are too injured to fight recklessly!
You are too injured to fight recklessly!
Casting: Beastly Appendage (safe; 6% risk of failure)
Press: ? - help, Q - select action, (/) - cycle Dir - look around, f - activate One of your tentacles grows a vicious spike.
The goblin hits you with a +4 dagger of speed.
* * * LOW HITPOINT WARNING * * *
The goblin barely misses you.
You tentacle-slap the goblin. Your grab misses the goblin.
You pierce the goblin, but do no damage.
The goblin is heavily wounded.
The bat hits you but does no damage. The goblin misses you.
You barely miss the goblin. You grab the goblin. You squeeze the goblin.
The goblin is almost dead.
You constrict the goblin.
You kill the goblin!
The bat completely misses you. The bat hits you.
You die...

##.#........
##...........
#######.......###..
.............##.##.
##..####......#...#.
.............+.<.'.
#.#####.#....#...#.
#.####b#####.##...##.##.
......)@...........###..
.......†.....#....... ..
#.###..#######.#..... ..
#.. # ... ... #.. .# .
##. # #. ..


You could see a bat.

Vanquished Creatures
  A bat (D:1)
  A goblin (D:1)
  A quokka (D:1)
3 creatures vanquished.

Notes
Turn   | Place    | Note
-------+----------+-------------------------------------------
     0 | D:1      | arthad the Octopode Wanderer began the quest for the Orb.
     0 | D:1      | arthad set off with the following items: a +0 dagger, a
                  | wand of polymorph (3), a scroll of fog; and the following
                  | spell memorised: Beastly Appendage; and the following
                  | spells available to memorise: Spider Form, Ignite Poison
     0 | D:1      | Reached XP level 1. HP: 11/11 MP: 3/3
   136 | D:1      | Slain by a bat

Illustrated notes

Levels and vault maps discovered:
D:1:      dpeg_arrival_shelter, layout_loops_ring,
          shapermc_ecumenical_altar_petra

Action                   || total
-------------------------++-------
Melee: Unarmed           ||    14
       Constrict         ||     3
       Kick              ||     1
       Tentacles         ||     1
 Cast: Beastly Appendage ||     1
Armor: Skin              ||     4
Dodge: Dodged            ||    11
